 Dungeon Crawl Stone Soup version 0.27-a0-720-g3f424a255b (webtiles) character file.

Game seed: 13481064945265225600

18 PentaManta the Insei (level 2, -1/18 HPs)
             Began as an Octopode Transmuter on Mar 23, 2021.
             Slain by a quokka (2 damage)
             ... on level 2 of the Dungeon.
             The game lasted 00:01:35 (1406 turns).

PentaManta the Insei (Octopode Transmuter)          Turns: 1406, Time: 00:01:36

Health: -1/18      AC:  1    Str:  9    XL:     2   Next: 70%
Magic:  4/5        EV: 13    Int: 15    God:
Gold:   65         SH:  0    Dex: 12    Spells: 4/5 levels left

rFire    . . .     SeeInvis .     - Unarmed
rCold    . . .     Faith    .   (no shield)
rNeg     . . .     Spirit   .   (helmet currently unavailable)
rPois    .         Reflect  .   (no amulet)
rElec    .         Harm     .   (no ring)
rCorr    .         Rampage  .   (no ring)
Will     .....                  (no ring)
Stlth    +++.......             (no ring)
HPRegen  0.06/turn              (no ring)
MPRegen  0.09/turn              (no ring)
                                (no ring)
                                (no ring)

@: appendages
A: tentacle spike 3, almost no armour, amphibious, 8 rings, camouflage 1,
gelatinous body 1, nimble swimmer 1, tentacles
a: End Transformation


You were on level 2 of the Dungeon.
One of your tentacles had grown a beastly spike.
You visited 1 branch of the dungeon, and saw 2 of its levels.

You collected 65 gold pieces.

Inventory:

Scrolls
 a - a scroll of vulnerability {unknown}
 b - a scroll of identify {unknown}
Potions
 c - 2 potions of lignification {unknown}
 d - a potion of flight {unknown}


   Skills:
 + Level 1.4 Fighting
 + Level 2.3 Dodging
 - Level 1.1 Stealth
 + Level 3.2 Unarmed Combat
 + Level 2.0 Spellcasting
 + Level 2.0 Transmutations


You had 4 spell levels left.
You knew the following spells:

 Your Spells              Type           Power      Damage    Failure   Level
a - Beastly Appendage     Tmut           14%        N/A       10%         1

Your spell library contained the following spells:

 Spells                   Type           Power      Damage    Failure   Level
 Wereblood                Tmut           7%         N/A       14%         2
 Spider Form              Tmut/Pois      2%         N/A       41%         3
 Ice Form                 Ice/Tmut       4%         N/A       82%         4
 Blade Hands              Tmut           3%         N/A       95%         5


Dungeon Overview and Level Annotations

Branches:
Dungeon (2/15)

Altars:


Innate Abilities, Weirdness & Mutations

One of your tentacles has grown a beastly spike.
You cannot wear most types of armour.
You are amphibious.
You can wear up to eight rings at the same time.
Your skin changes colour to match your surroundings (Stealth+).
Your rubbery body absorbs attacks. (AC +1, EV +1)
You are stealthy while swimming. (Stealth+)
You have tentacles for arms and can constrict up to eight enemies at once.


Message History

One of your tentacles grows a vicious spike.
Your transformation is almost over.
Done exploring.
Done exploring.
Done exploring.
Done exploring.
Your tentacle spike disappears.
You open the door.
There is an open door here.
There is a stone staircase leading down here.
You climb downwards.
Found 28 gold pieces.
There is a stone staircase leading up here.
Found a hand axe.
A quokka and a worm come into view.
There are monsters nearby!
There are monsters nearby!
There are monsters nearby!
Casting: Beastly Appendage (safe; 10% risk of failure)
Confirm with . or Enter, or press ? or * to list all spells.
One of your tentacles grows a vicious spike.
The quokka closely misses you. The worm bites you!
Ouch! That really hurt!
You are too injured to fight recklessly!
You are too injured to fight recklessly!
You are too injured to fight recklessly!
You are too injured to fight recklessly!
You are too injured to fight recklessly!
You tentacle-slap the worm. You grab the worm.
You pierce the worm.
The worm is heavily wounded.
You constrict the worm. The quokka closely misses you.
You tentacle-slap the worm. You squeeze the worm, but do no damage.
The worm is severely wounded.
You constrict the worm. The quokka closely misses you. The worm bites you.
* * * LOW HITPOINT WARNING * * *
You release your grip on the worm.
You see here a +0 hand axe.
You see here 11 gold pieces.
The quokka bites you.
You die...

....####
......# #
#.#...###
#.####.......##
...$.#.....$..#
..............#
#....).....#
###.$.w.##.##
.#####@r#### ..
#.......####.#
#.######......#
##<..###
#.#...# #.###.#
#.# .. #.# ##
...


You could see a worm and a quokka.

Vanquished Creatures
  A dart slug (D:1)
  A goblin (D:1)
  3 oozes (D:1)
  A quokka (D:1)
  2 ball pythons (D:1)
  5 bats (D:1)
  A frilled lizard (D:1)
  A kobold (D:1)
  2 rats (D:1)
17 creatures vanquished.

Notes
Turn   | Place    | Note
-------+----------+-------------------------------------------
     0 | D:1      | PentaManta the Octopode Transmuter began the quest for the
                  | Orb.
     0 | D:1      | Reached XP level 1. HP: 13/13 MP: 3/3
   514 | D:1      | Reached skill level 1 in Stealth
   514 | D:1      | Reached XP level 2. HP: 15/18 MP: 3/5
  1406 | D:2      | Slain by a quokka

Illustrated notes

Levels and vault maps discovered:
D:1:      amcnicky_arrival_feature_with_door, layout_loops_corners,
          minivault_19, chequers_serial_rivers_small_3, minivault_5,
          fountainhead
D:2:      layout_loops_ring, serial_bayou_pond_d

Skill      XL: |  1 |
---------------+----+-----
Stealth        | 1 |  1.1
Fighting       | |  1.4
Dodging        | |  2.3
Unarmed Combat | |  3.2
Spellcasting   | |  2.0
Transmutations | |  2.0

Action                   || total
-------------------------++-------
Melee: Unarmed           ||    40
       Constrict         ||    10
       Tentacles         ||     9
       Kick              ||     6
       Punch             ||     2
 Cast: Beastly Appendage ||    12
 Stab: Sleeping          ||     7
Armor: Skin              ||     8
Dodge: Dodged            ||    33

Table legend: (Time is in decaauts)
 A = Elapsed time spent in this place.
 B = Non-inter-level travel time spent in this place.
 C = Inter-level travel time spent in this place.
 D = Time resting spent in this place.
 E = Time spent auto-exploring this place.
 F = Levels seen in this place.
 G = Mean time per level.
                   A        B        C        D        E       F      G
               +--------+--------+--------+--------+--------+-----+--------+
         Total |   1403 |   1387 |     16 |    226 |   1019 |   2 |  701.5 |
       Dungeon |   1403 |   1387 |     16 |    226 |   1019 |   2 |  701.5 |
               +--------+--------+--------+--------+--------+-----+--------+

Top non-repeatable levels by time:
     D:1: 1391 daAuts
     D:2: 11 daAuts
